 Dungeon Crawl Stone Soup version 0.30-a0-840-ga523dec638 (webtiles) character file.

Game seed: 15089116836001525736

14446 bmack86 the Cleaver (level 11, -2/99 HPs)
             Began as a Minotaur Fighter on Mar 1, 2023.
             Was the Champion of Okawaru.
             Succumbed to a black mamba's poison
             ... on level 2 of the Lair of Beasts.
             The game lasted 00:30:26 (11466 turns).

bmack86 the Cleaver (Minotaur Fighter)             Turns: 11466, Time: 00:30:27

Health: -2/99      AC: 23    Str: 24    XL:     11   Next: 88%
Magic:  14/14      EV: 10    Int: 10    God:    Okawaru [******]
Gold:   1031       SH:  6    Dex: 11    Spells: 10/10 levels left

rFire   . . .      SeeInvis .    P - +1 broad axe of Fuicuz {flame, *Rage rElec Will+++ Int-4}
rCold   . . .      Faith    +    c - +0 buckler
rNeg    . . .      Spirit   .    y - +4 ring mail of Plog {rPois Regen+ Int+3}
rPois   +          Reflect  .    (helmet restricted)
rElec   +          Harm     .    A - +0 cloak
rCorr   .          Rampage  +    g - +2 pair of gloves
Will    +++..      Rage     20%  C - +2 pair of boots {rampage}
Stlth   +                        H - amulet of faith
HPRegen 1.16/turn                e - +4 ring of protection
MPRegen 0.14/turn                i - +6 ring of intelligence

@: lethally poisoned (-2 -> -46), on berserk cooldown, slowed, very slow
A: horns 2, retaliatory headbutt
a: Renounce Religion, Heroism, Finesse, Duel


You were on level 2 of the Lair of Beasts.
You worshipped Okawaru.
Okawaru was exalted by your worship.
You visited 3 branches of the dungeon, and saw 14 of its levels.
You also visited: Bailey.

You collected 1031 gold pieces.

Inventory:

Hand Weapons
 b - a +4 vampiric broad axe
 P - the +1 broad axe of Fuicuz (weapon) {flame, *Rage rElec Will+++ Int-4}
   (You acquired it in a bailey)

   Int:       It affects your intelligence (-4).
   rElec:     It insulates you from electricity.
   *Rage:     It berserks you when you make melee attacks (+20% chance).
   Will:      It greatly increases your willpower.
Missiles
 p - 13 poisoned darts
 D - 13 boomerangs (quivered)
 E - 2 silver boomerangs
 J - 6 silver javelins
 T - a throwing net
 U - 3 javelins
Armour
 c - a +0 buckler (worn)
 g - a +2 pair of gloves (worn)
 v - a +0 plate armour
 y - the +4 ring mail of Plog (worn) {rPois Regen+ Int+3}
   (You found it on level 3 of the Dungeon)

   Int:       It affects your intelligence (+3).
   rPois:     It protects you from poison.
   Regen:     It increases your rate of health regeneration.
 A - a +0 cloak (worn)
 C - a +2 pair of boots of rampaging (worn)
Jewellery
 e - a +4 ring of protection (left hand)
 f - a ring of magical power
 i - a +6 ring of intelligence (right hand)
 B - an amulet of magic regeneration
 H - an amulet of faith (around neck)
 K - a ring of poison resistance
 O - an amulet of the acrobat
 R - a +6 ring of intelligence
Wands
 l - a wand of flame (15)
 w - a wand of light (3)
 x - a wand of digging (6)
 F - a wand of iceblast (19)
 Q - a wand of paralysis (4)
Scrolls
 o - 3 scrolls of blinking
 G - a scroll of magic mapping
 I - 3 scrolls of poison
 L - 3 scrolls of teleportation
 M - a scroll of fog
Potions
 d - 2 potions of might
 h - 8 potions of curing
 j - 3 potions of haste
 k - a potion of berserk rage
 m - 4 potions of magic
 n - a potion of ambrosia
 q - 2 potions of invisibility
 r - 2 potions of mutation
 s - 2 potions of flight
 t - 2 potions of heal wounds
 u - 2 potions of attraction
 z - a potion of brilliance
 S - a potion of resistance


   Skills:
 + Level 9.7 Fighting
 * Level 12.8 Axes
 + Level 7.2 Throwing
 + Level 9.9 Armour
 + Level 9.8 Shields
 + Level 6.5 Invocations


You had 10 spell levels left.
You didn't know any spells.
Your spell library contained the following spells:

 Spells                   Type           Power      Damage    Failure   Level
 Magic Dart               Conj           0%         1d3       54%         1
 Sandblast                Erth           0%         2d4       54%         1
 Cigotuvi's Dreadful Rot  Necr/Pois/Air  0%         N/A       69%         2
 Passwall                 Tmut/Erth      0%         N/A       69%         2
 Poisonous Vapours        Pois/Air       0%         N/A       69%         2
 Searing Ray              Conj           0%         2d4       69%         2
 Gell's Gravitas          Tloc           0%         N/A       89%         3
 Ignite Poison            Fire/Tmut/Pois 0%         N/A       89%         3
 Kindle Blastsparks       Fire/Tloc/Air  0%         2d10      89%         3
 Mephitic Cloud           Conj/Pois/Air  0%         N/A       89%         3
 Stone Arrow              Conj/Erth      0%         3d7       89%         3
 Teleport Other           Tloc           0%         N/A       89%         3
 Fulminant Prism          Conj/Hex       0%         3d5       100%        4
 Freezing Cloud           Conj/Ice/Air   0%         6-21      100%        5
 Dispersal                Tloc           0%         N/A       100%        6
 Call Imp                 Summ           Unusable   N/A       N/A         2

Dungeon Overview and Level Annotations

Branches:
Dungeon (11/15)            Temple (1/1) D:4            Lair (2/5) D:11
    Orc (0/2) D:9          Bailey (visited)
  Swamp: Lair:2-3    Shoals: Lair:2-3     Snake: Lair:2-3    Spider: Lair:2-3

Altars:
Ashenzari
Cheibriados
Dithmenos
Elyvilon
Fedhas
Gozag
Hepliaklqana
Kikubaaqudgha
Makhleb
Nemelex Xobeh
Okawaru
Qazlal
Ru
Sif Muna
Trog
Uskayaw
Vehumet
Wu Jian
Xom
Yredelemnul
Zin
The Shining One

Annotations:
D:3 Jessica


Innate Abilities, Weirdness & Mutations

You have a pair of horns on your head.
You reflexively headbutt those who attack you in melee.


Message History

You slash the black mamba! You burn the black mamba.
The black mamba is severely wounded.
You slash the black mamba! You burn the black mamba.
You hit the black mamba but do no damage.
A nearby plant withers and dies.
The black mamba barely misses you.
The black mamba bites you but does no damage.
You block the black mamba's attack. The black mamba closely misses you.
The black mamba bites you!
You are poisoned.
The black mamba poisons you! The water moccasin closely misses you.
You furiously retaliate!
You headbutt the water moccasin. The black mamba closely misses you.
The black mamba bites you but does no damage.
The black mamba bites you.
You are more poisoned.
The black mamba poisons you! The water moccasin closely misses you.
You miss the black mamba. You headbutt the black mamba!
The black mamba is almost dead.
You hit the black mamba but do no damage. x2
You slash the water moccasin! You burn the water moccasin.
You feel extremely sick. The black mamba bites you. x2
The black mamba bites you but does no damage.
You block the black mamba's attack.
The water moccasin bites you but does no damage.
The black mamba bites you!
* * * LOW HITPOINT WARNING * * *
The black mamba bites you.
* * * LOW HITPOINT WARNING * * *
You are more poisoned.
The black mamba poisons you! You block the black mamba's attack.
The black mamba bites you.
* * * LOW HITPOINT WARNING * * *
You hack one of the seven-headed hydra's heads off!
The flame cauterises the wound!
You hit the six-headed hydra. You burn the six-headed hydra.
The six-headed hydra is lightly wounded.
You closely miss the black mamba. You closely miss the water moccasin.
You slash the black mamba! You burn the black mamba.
You die... #...# ###..... ..... ##P.... ....# ....# ....# ##..# ###..P# #####..## ...S.# #.##....## #SSS#

.........# ##.DS#
#..####..# #.S@S#
.######.######....#
## #...........P.#
.# ###.#.#...#####
## #########


You could see a six-headed hydra, 4 black mambas and 3 water moccasins.

Vanquished Creatures
  An orc warlord (Bailey)
  Pikel (D:4)
  2 orc knights (Bailey)
  A black mamba (Lair:1)
  4 cane toads (Lair:1)
  Maggie (D:6)
  A komodo dragon (Lair:1)
  A troll (D:10)
  Grinder (D:6)
  8 hornets
  Sigmund (D:5)
  A wraith (D:11)
  3 yaks (D:8)
  2 basilisks (Lair:2)
  Grum (Lair:1)
  Menkaure (D:6)
  2 acid dragons
  4 water moccasins
  Duvessa (D:6)
  15 orc warriors
  A sky beast (D:6)
  4 black bears
  An ice beast (D:8)
  6 centaurs
  2 ogres (D:4)
  7 wolves (Lair:1)
  4 lemures (D:4)
  2 phantoms
  A kobold brigand (D:10)
  A bullfrog (D:8)
  2 necrophages
  4 gnoll sergeants
  4 scorpions
  Dowan (D:6)
  8 wights
  17 killer bees
  An electric eel (Lair:1)
  A crimson imp (D:10)
  5 orc priests
  Crazy Yiuf (D:3)
  3 hounds
  2 jellies (D:4)
  4 iguanas
  5 orc wizards
  23 gnolls
  11 adders
  A shadow imp (D:6)
  2 white imps
  4 worms
  2 dart slugs
  42 orcs
  13 ball pythons
  5 bats
  9 endoplasms
  7 giant cockroaches
  29 goblins
  15 hobgoblins
  8 quokkas
  7 frilled lizards
  9 kobolds
  6 rats
332 creatures vanquished.

Vanquished Creatures (others)
  9 fungi
  9 plants
18 creatures vanquished.

Grand Total: 350 creatures vanquished

Notes
Turn   | Place    | Note
-------+----------+-------------------------------------------
     0 | D:1      | bmack86 the Minotaur Fighter began the quest for the Orb.
     0 | D:1      | Reached XP level 1. HP: 19/19 MP: 0/0
   252 | D:1      | Reached XP level 2. HP: 27/27 MP: 1/1
   372 | D:1      | Reached skill level 3 in Axes
  1077 | D:1      | Reached XP level 3. HP: 33/33 MP: 2/2
  1867 | D:2      | Reached XP level 4. HP: 40/40 MP: 3/3
  2099 | D:2      | Reached skill level 4 in Axes
  2371 | D:3      | Found a faded altar of an unknown god.
  2371 | D:3      | Noticed Jessica
  2379 | D:3      | Found a snail-covered altar of Cheibriados.
  2379 | D:3      | Found a burning altar of Makhleb.
  2380 | D:3      | Found an opulent altar of Gozag.
  2432 | D:3      | Found a runed translucent door.
  2433 | D:3      | Noticed Crazy Yiuf
  2602 | D:3      | Identified the +4 ring mail of Plog {rPois Regen+ Int+3}
  2841 | D:3      | Killed Crazy Yiuf
  2842 | D:3      | Reached skill level 1 in Throwing
  2842 | D:3      | Reached XP level 5. HP: 23/47 MP: 4/4
  2914 | D:4      | Identified the +6 dagger "Hydraslayer" {freeze, rPois rN++
                  | Dex-2}
  2996 | D:4      | Reached skill level 5 in Axes
  2996 | D:4      | Reached XP level 6. HP: 53/55 MP: 5/5
  3010 | D:4      | Reached skill level 5 in Armour
  3010 | D:4      | Reached skill level 5 in Shields
  3157 | D:4      | Reached skill level 5 in Fighting
  3244 | D:4      | Noticed Pikel
  3255 | D:4      | Killed Pikel
  3256 | D:4      | Reached skill level 6 in Axes
  3256 | D:4      | Reached XP level 7. HP: 40/62 MP: 6/6
  3432 | D:4      | Found a staircase to the Ecumenical Temple.
  3439 | Temple   | Entered the Ecumenical Temple
  3535 | Temple   | Became a worshipper of Warmaster Okawaru
  3725 | D:4      | Found a stormy altar of Qazlal.
  3783 | D:4      | Reached XP level 8. HP: 70/70 MP: 7/7
  3889 | D:5      | Entered Level 5 of the Dungeon
  3938 | D:5      | Reached skill level 7 in Axes
  3938 | D:5      | Reached skill level 1 in Invocations
  4033 | D:5      | Noticed Sigmund
  4051 | D:5      | Killed Sigmund
  4051 | D:5      | Reached * piety under Okawaru
  4480 | D:5      | Reached skill level 8 in Axes
  4701 | D:6      | Noticed Grinder
  4717 | D:6      | Killed Grinder
  4717 | D:6      | Reached ** piety under Okawaru
  4718 | D:6      | Reached XP level 9. HP: 69/78 MP: 9/9
  4764 | D:6      | Noticed Menkaure
  4769 | D:6      | Killed Menkaure
  4873 | D:6      | Noticed Duvessa
  4875 | D:6      | Noticed Dowan
  4879 | D:6      | Killed Dowan
  4882 | D:6      | Killed Duvessa
  5153 | D:6      | Noticed Maggie
  5176 | D:6      | Killed Maggie
  5176 | D:6      | Reached *** piety under Okawaru
  5177 | D:6      | Reached skill level 9 in Axes
  5651 | D:7      | Found a shimmering blue altar of Sif Muna.
  6541 | D:8      | Reached skill level 5 in Throwing
  6603 | D:8      | Found a flagged portal.
  6623 | Bailey   | Entered a bailey
  6660 | Bailey   | Reached **** piety under Okawaru
  6692 | Bailey   | Reached XP level 10. HP: 74/88 MP: 12/12
  6711 | Bailey   | Noticed an orc knight
  6727 | Bailey   | Reached skill level 10 in Axes
  6731 | Bailey   | Killed an orc knight
  6748 | Bailey   | Noticed an orc knight
  6763 | Bailey   | Killed an orc knight
  6763 | Bailey   | Received a gift from Okawaru
  6862 | Bailey   | Noticed an orc warlord
  6904 | Bailey   | Killed an orc warlord
  6904 | Bailey   | Reached ***** piety under Okawaru
  6905 | Bailey   | Reached skill level 11 in Axes
  6905 | Bailey   | Reached skill level 5 in Invocations
  6946 | Bailey   | Acquired the +1 broad axe of Fuicuz {flame, *Rage rElec
                  | Will+++ Int-4}
  8137 | D:9      | Received a gift from Okawaru
  8194 | D:9      | Found a staircase to the Orcish Mines.
  8195 | D:9      | Found Hoxuwut's Armour Boutique.
  8213 | D:9      | Reached XP level 11. HP: 77/95 MP: 13/13
  8881 | D:10     | Entered Level 10 of the Dungeon
  9252 | D:10     | Identified the +5 mace of Compulsion {drain, Int+4 Dex+3
                  | Stlth+}
 10073 | D:11     | Found a staircase to the Lair.
 10460 | Lair:1   | Entered Level 1 of the Lair of Beasts
 10460 | Lair:1   | Noticed Grum
 10467 | Lair:1   | Reached skill level 12 in Axes
 10468 | Lair:1   | Killed Grum
 10472 | Lair:1   | Received a gift from Okawaru
 10680 | Lair:1   | Reached ****** piety under Okawaru
 10680 | Lair:1   | Received a gift from Okawaru
 11371 | Lair:2   | Received a gift from Okawaru
 11393 | Lair:2   | Paralysed by a hornet for 2 turns
 11407 | Lair:2   | Received a gift from Okawaru
 11460 | Lair:2   | Noticed a seven-headed hydra
 11466 | Lair:2   | Succumbed to a black mamba's poison

Illustrated notes

Levels and vault maps discovered:
D:1:      wander_arrival_chamber, layout_basic, serial_curves, eino_curves_02,
          eino_curves_02, amcnicky_mini_rare_corridor_liquid,
          hangedman_feature_mirror, amcnicky_mini_corridor_feature,
          solitary_fountain, minmay_split_cup_large
D:2:      layout_basic, dk_noncrumbling_4, corexii_leaking_fountain
D:3:      layout_rooms, chequers_temple_overflow_statue_of_worship,
          nicolae_ecumenical_oubliette, minmay_checkerbox, uniq_jessica,
          uniq_crazy_yiuf_cottage
D:4:      layout_loops_ring, kennysheep_little_box,
          minmay_temple_entry_glassed_door, hangedman_minor_gate_pass,
          uniq_pikel
D:5:      layout_basic, columned_hall_lemuel, uniq_sigmund
D:6:      layout_basic, nrook_mini_vaults, uniq_maggie, uniq_menkaure,
          uniq_grinder, uniq_duvessa
D:7:      layout_layer_cave, general_overflow_altar
D:8:      layout_basic, enter_bailey_4
D:9:      layout_stronghold, orc_david_3
D:10:     layout_irregular_city, minmay_fire_ice_demons
D:11:     layout_loops_ring, lair_entry_dummy
Temple:   minmay_temple_bridge_d
Lair:1:   layout_small_grid, infiniplex_staircase_pool, grunt_megastairs_3,
          uniq_grum
Lair:2:   layout_long_grid, minmay_shoals_entry_centaurs,
          minmay_snake_entry_six_corridors, dreamdust_wasp_nest

Skill      XL: |  1  2  3  4  5  6  7  8  9 10 11 |
---------------+----------------------------------+-----
Axes           | 3 4 5 6 8 9 11 12 | 12.8
Armour         | 4 5 6 7 8 9 |  9.9
Shields        | 4 5 6 7 8 9 |  9.8
Fighting       | 4 5 6 7 8 9 |  9.7
Throwing       | 1 2 3 4 5 6 7 |  7.2
Invocations    | 2 4 5 6 |  6.5

Action                     |  1- 3 |  4- 6 |  7- 9 | 10-12 || total
---------------------------+-------+-------+-------+-------++-------
  Melee: War axe           |    80 |   121 |   234 |    84 ||   519
         Headbutt          |     9 |    26 |    48 |    51 ||   134
         Broad axe         |       |       |       |   259 ||   259
  Throw: Boomerang         |       |       |     7 |    34 ||    41
 Invoke: Heroism           |       |       |       |     3 ||     3
         Finesse           |       |       |       |     1 ||     1
    Use: Scroll            |     1 |     7 |    15 |    13 ||    36
         Potion            |       |     1 |       |       ||     1
 Armour: Scale mail        |    51 |    11 |       |       ||    62
         Plate armour      |       |    21 |       |       ||    21
         Ring mail         |       |    27 |   129 |   235 ||   391
  Dodge: Dodged            |    39 |    66 |    96 |   213 ||   414
  Block: Buckler           |    18 |    19 |    57 |   141 ||   235

Table legend: (Time is in decaauts)
 A = Elapsed time spent in this place.
 B = Non-inter-level travel time spent in this place.
 C = Inter-level travel time spent in this place.
 D = Time resting spent in this place.
 E = Time spent auto-exploring this place.
 F = Levels seen in this place.
 G = Mean time per level.
                   A        B        C        D        E       F      G
               +--------+--------+--------+--------+--------+-----+--------+
         Total |  11719 |  11325 |    394 |     30 |   7914 |  15 |  781.3 |
       Dungeon |  10185 |   9904 |    281 |     30 |   7021 |  11 |  925.9 |
        Temple |    167 |     67 |    100 |      0 |     61 |   1 |  167.0 |
          Lair |   1014 |   1001 |     13 |      0 |    782 |   2 |  507.0 |
        Bailey |    351 |    351 |      0 |      0 |     50 |   1 |  351.0 |
               +--------+--------+--------+--------+--------+-----+--------+

Top non-repeatable levels by time:
     D:1: 1339 daAuts
     D:9: 1237 daAuts
     D:7: 1088 daAuts
     D:2: 917 daAuts
  Lair:1: 856 daAuts
    D:10: 855 daAuts
     D:4: 849 daAuts
     D:8: 841 daAuts
     D:6: 809 daAuts
    D:11: 807 daAuts
     D:5: 749 daAuts
     D:3: 690 daAuts
  Bailey: 351 daAuts
  Temple: 167 daAuts
  Lair:2: 158 daAuts
